 Dungeon Crawl Stone Soup version 0.29-a0-393-g47a863cc1b (webtiles) character file.

Game seed: 8573614169041011575

6335 dolemite99 the Basher (level 10, -1/82 HPs)
             Began as a Minotaur Gladiator on May 9, 2022.
             Was an Initiate of Gozag.
             Shot with an arrow by a centaur warrior (18 damage)
             ... on level 8 of the Dungeon.
             The game lasted 00:11:33 (10636 turns).

dolemite99 the Basher (Minotaur Gladiator)         Turns: 10636, Time: 00:11:34

Health: -1/82      AC: 21    Str: 20    XL:     10   Next: 64%
Magic:  9/9        EV:  7    Int:  5    God:    Gozag
Gold:   184        SH:  0    Dex: 15    Spells: 9/9 levels left

rFire   + . .      SeeInvis .   a - +1 dire flail (drain)
rCold   + . .      Faith    .   (shield currently unavailable)
rNeg    . . .      Spirit   .   C - +0 plate armour
rPois   +          Reflect  .   q - +2 hat
rElec   +          Harm     .   p - +2 cloak
rCorr   +          Rampage  .   (no gloves)
Will    .....                   v - +1 pair of boots
Stlth   ..........              (no amulet)
HPRegen 0.23/turn               (no ring)
MPRegen 0.11/turn               (no ring)

@: resistant, marked, on berserk cooldown, slowed, invisible, very slow
A: horns 2, retaliatory headbutt
a: Renounce Religion, Potion Petition, Call Merchant, Bribe Branch


You were on level 8 of the Dungeon.
You worshipped Gozag.
Gozag was aware of your devotion.
You visited 1 branch of the dungeon, and saw 8 of its levels.

You collected 1645 gold pieces.
You spent 92 gold pieces at shops.
You paid 1369 gold pieces to Gozag.

Inventory:

Hand Weapons
 a - a +1 dire flail of draining (weapon)
 b - a +0 arbalest of flaming
 B - a +0 quarterstaff
Missiles
 d - 3 throwing nets (quivered)
 e - a javelin
 j - a curare-tipped dart
 y - 126 stones
Armour
 c - a +0 hat
 l - a +0 ring mail
 p - a +2 cloak (worn)
 q - a +2 hat (worn)
 v - a +1 pair of boots (worn)
 x - a +0 chain mail
 C - a +0 plate armour (worn)
 F - a +3 scale mail
Jewellery
 f - a ring of protection from cold
 u - a ring of ice
Wands
 z - a wand of flame (42)
 A - a wand of polymorph (4)
 D - a wand of paralysis (5)
Scrolls
 h - 2 scrolls of identify {@r1}
 k - a scroll of teleportation
 n - 2 scrolls of amnesia
 t - a scroll of blinking
Potions
 g - 2 potions of mutation
 i - 3 potions of flight
 m - 2 potions of attraction
 o - 2 potions of brilliance
 r - a potion of magic
 s - a potion of ambrosia
 w - a potion of resistance {unknown}


   Skills:
 - Level 5.6 Fighting
 - Level 14.8(14.9) Maces & Flails
 - Level 7.7(8.1) Polearms
 - Level 3.6(11.4) Staves
 - Level 2.0 Throwing
 + Level 7.6 Armour
 - Level 3.2 Dodging


You had 9 spell levels left.
You didn't know any spells.
Your spell library contained the following spells:

 Spells                   Type           Power      Damage    Failure   Level
 Blink                    Tloc           0%         N/A       100%        2
 Lesser Beckoning         Tloc           0%         N/A       100%        3
 Ice Form                 Ice/Tmut       0%         N/A       100%        4
 Manifold Assault         Tloc           0%         N/A       100%        5
 Ozocubu's Refrigeration  Ice            0%         4d5       100%        7
 Discord                  Hex            0%         N/A       100%        8


Dungeon Overview and Level Annotations

Branches:
Dungeon (8/15)             Temple (0/1) D:5
   Lair: D:8-11

Altars:
Gozag

Shops:
D:6 =*

Annotations:
D:3 1 runed translucent door, osinmv's ghost, amateur OpEE
D:6 exclusion: downstairs


Innate Abilities, Weirdness & Mutations

You have a pair of horns on your head.
You reflexively headbutt those who attack you in melee.


Message History

You feel yourself moving faster!
You feel mighty!
You feel a strong urge to attack something.
The centaur warrior shoots an arrow.
The arrow completely misses you.
You feel your anger nearly subside.
A bullfrog comes into view.
The centaur warrior shoots an arrow.
The arrow hits you!
You are no longer berserk.
You are exhausted.
You feel yourself slow down.
The centaur warrior shoots an arrow.
The arrow hits you! The arrow freezes you.
The centaur warrior shoots an arrow.
The arrow barely misses you.
Your surroundings suddenly seem different.
A bullfrog comes into view.
A gargoyle comes into view. It is wielding a +0 mace.
Okay, then.
As you read the scroll of teleportation, it crumbles to dust.
You feel strangely unstable.
The gargoyle hurls a stone arrow at you.
The stone arrow hits you!!
* * * LOW HITPOINT WARNING * * *
It was a potion of ambrosia.
You are confused.
You feel invigorated.
Your surroundings suddenly seem different.
A necrophage, an orc and a kobold come into view.
The kobold is wielding a +1 vampiric short sword.
A kobold comes into view. It is wielding a +0 short sword.
A slime creature comes into view.
The kobold throws a stone.
The stone hits you but does no damage.
The orc moves out of view.
A centaur warrior comes into view. It is wielding a staff of cold.
You bump into the tree.
You feel less invigorated.
You feel less confused.
The centaur warrior wields a +0 longbow.
The centaur warrior shoots an arrow.
The arrow hits you!
* * * LOW HITPOINT WARNING * * *
A kobold brigand comes into view.
It is wielding a +1 dagger of venom and quivering poisoned darts.
The centaur warrior shoots an arrow.
The arrow hits you!!
You die...
Your body crumbles into a pile of gold. ##.:. ♣..♣ #..... ♣♣..♣ #.....#♣..♣ ♣♣## #..≈..$.F♣♣ $ cKJK

$ #.....#cc♣♣. ♣.n♣ $ $
#... #♣..♣♣. ♣.K♣ ##
♣♣..♣♣.♣♣♣..♣ # $
♣♣..♣♣....♣ # ♣♣..♣♣.@♣ #
♣♣..♣♣♣♣ # ♣♣..♣ # ###
#####♣)♣##### #######
#♣♣.♣♣
♣♣.))♣...♣...♣♣#.....#
#♣...♣♣♣..♣...#...♣..♣♣)♣
).......♣♣♣♣♣#.#♣♣♣♣♣).)♣
#♣...♣♣♣..♣...#...♣..♣♣.♣
#♣♣.♣♣ ♣...♣...♣...♣♣#.♣


You could see a slime creature (can't see you), a centaur warrior (can't see
you), a kobold brigand (can't see you), a necrophage (can't see you) and 2
kobolds.

Vanquished Creatures
  Pikel (D:5)
  A cyclops (D:8)
  An unseen horror (D:8)
  Sigmund (D:5)
  3 wyverns
  A shadow (D:6)
  2 steam dragons (D:8)
  Edmund (D:4)
  A water moccasin (D:8)
  Duvessa (D:4)
  3 orc warriors
  2 ice beasts
  A sky beast (D:8)
  A black bear (D:7)
  2 ogres
  A phantom (D:7)
  3 kobold brigands (D:8)
  2 bullfrogs
  4 necrophages
  A gnoll sergeant (D:8)
  3 scorpions
  A wyvern zombie (D:5)
  2 water moccasin zombies (D:5)
  A wight (D:8)
  Dowan (D:4)
  A wyvern skeleton (D:5)
  A water moccasin skeleton (D:5)
  8 killer bees
  A howler monkey (D:8)
  6 bullfrog zombies (D:5)
  3 centaur zombies (D:5)
  3 hounds
  2 jellies
  4 orc priests
  A centaur skeleton (D:5)
  3 iguanas
  2 scorpion zombies (D:5)
  4 bullfrog skeletons (D:5)
  10 orc wizards
  2 killer bee zombies (D:5)
  A hound zombie (D:5)
  A hound skeleton (D:5)
  2 howler monkey zombies (D:5)
  6 adders
  5 gnolls
  A shadow imp (D:8)
  3 white imps
  5 ufetubi
  A worm (D:2)
  2 dart slugs
  35 orcs
  2 ball pythons
  3 bats (D:1)
  5 endoplasms
  2 giant cockroaches
  5 goblins
  11 hobgoblins
  4 jackals (D:5)
  17 kobolds
  4 quokkas
  2 frilled lizards (D:1)
  2 rats (D:1)
211 creatures vanquished.

Vanquished Creatures (others)
  8 plants (D:8)
  2 withered plants (D:5)
10 creatures vanquished.

Grand Total: 221 creatures vanquished

Notes
Turn   | Place    | Note
-------+----------+-------------------------------------------
     0 | D:1      | dolemite99 the Minotaur Gladiator began the quest for the
                  | Orb.
     0 | D:1      | Reached XP level 1. HP: 18/18 MP: 0/0
   187 | D:1      | Reached skill level 1 in Polearms
   267 | D:1      | Reached XP level 2. HP: 25/25 MP: 1/1
  1055 | D:2      | Reached XP level 3. HP: 29/30 MP: 2/2
  1440 | D:3      | Noticed an ice beast
  1454 | D:3      | Killed an ice beast
  1455 | D:3      | Reached skill level 5 in Polearms
  1455 | D:3      | Reached XP level 4. HP: 13/37 MP: 3/3
  1458 | D:3      | Reached XP level 5. HP: 16/42 MP: 4/4
  2185 | D:3      | Found a runed translucent door.
  2185 | D:3      | Noticed osinmv's ghost (amateur OpEE)
  2249 | D:3      | Found an opulent altar of Gozag.
  2267 | D:3      | Became a worshipper of Gozag Ym Sagoz the Greedy
  2374 | D:4      | Noticed Edmund
  2388 | D:4      | Killed Edmund
  2389 | D:4      | Reached XP level 6. HP: 34/50 MP: 5/5
  2561 | D:4      | Noticed Dowan
  2566 | D:4      | Noticed Duvessa
  2585 | D:3      | Reached skill level 1 in Maces & Flails
  2682 | D:4      | Killed Duvessa
  2683 | D:4      | Reached skill level 3 in Maces & Flails
  2689 | D:4      | Killed Dowan
  2690 | D:4      | Reached XP level 7. HP: 53/56 MP: 6/6
  2763 | D:4      | Reached skill level 4 in Maces & Flails
  2782 | D:3      | Found a faded altar of an unknown god.
  3257 | D:5      | Entered Level 5 of the Dungeon
  3271 | D:5      | Reached skill level 5 in Maces & Flails
  3305 | D:5      | Reached skill level 6 in Maces & Flails
  3481 | D:5      | Noticed Sigmund
  3486 | D:5      | Killed Sigmund
  3487 | D:5      | Reached skill level 7 in Maces & Flails
  3572 | D:5      | Reached XP level 8. HP: 62/62 MP: 7/7
  3612 | D:5      | Reached skill level 8 in Maces & Flails
  3718 | D:5      | Reached skill level 9 in Maces & Flails
  3931 | D:5      | Found a staircase to the Ecumenical Temple.
  4016 | D:5      | Noticed Pikel
  4036 | D:5      | Killed Pikel
  4037 | D:5      | Reached skill level 11 in Maces & Flails
  4182 | D:5      | Reached XP level 9. HP: 33/68 MP: 8/8
  4367 | D:5      | Got the Disquisition on Glacial Malediction
  4539 | D:5      | Reached skill level 12 in Maces & Flails
  6031 | D:6      | Reached skill level 13 in Maces & Flails
  6242 | D:6      | Found Suliqig's Assorted Antiques.
  6373 | D:6      | Bought a gold wand for 92 gold pieces
  6448 | D:6      | Reached skill level 14 in Maces & Flails
  8106 | D:7      | Reached XP level 10. HP: 75/77 MP: 9/9
  8848 | D:8      | Reached skill level 5 in Fighting
  9253 | D:8      | Reached skill level 1 in Armour
  9878 | D:8      | Noticed a cyclops
  9886 | D:8      | Killed a cyclops
  9887 | D:8      | Reached skill level 5 in Armour
 10621 | D:8      | Noticed a centaur warrior
 10622 | D:8      | Noticed a centaur warrior
 10633 | D:8      | Noticed a gargoyle
 10636 | D:8      | Noticed a centaur warrior
 10636 | D:8      | Shot with an arrow by a centaur warrior

Illustrated notes

Levels and vault maps discovered:
D:1:      dpeg_arrival_water_temple_mockup, layout_basic
D:2:      layout_basic
D:3:      kennysheep_six_static_rooms, layout_rooms, grunt_gozag_breadcrumbs,
          gammafunk_ghost_grave, shapermc_ecumenical_altar_notcrosses
D:4:      layout_basic, chequers_serial_rivers_small_b, uniq_edmund,
          uniq_duvessa
D:5:      layout_layer_cave, temple_fountains, serial_undead, serial_undead_f,
          serial_undead_e, serial_undead_d, serial_undead_c, serial_undead_b,
          serial_undead_a, serial_undead_a, serial_undead_b, serial_undead_a,
          serial_undead_e, uniq_pikel, uniq_sigmund
D:6:      layout_basic, serial_shops, nicolae_shop_behind_doors,
          nicolae_figureground_sparkle
D:7:      layout_basic
D:8:      nzn_winding_woodlands_large [nzn_winding_woodlands_hourglass,
          nzn_winding_woodlands_5x15_default,
          nzn_winding_woodlands_5x5_closed_star,
          nzn_winding_woodlands_center_garden,
          nzn_winding_woodlands_15x15_thick_spiral,
          nzn_winding_woodlands_center_pierced_h,
          nzn_winding_woodlands_5x5_open_star, nzn_winding_woodlands_5x15_twine,
          nzn_winding_woodlands_5x5_three], layout_loops_ring

Skill      XL: |  1  2  3  4  5  6  7  8  9 10 |
---------------+-------------------------------+-----
Polearms       | 2 3 5 7 |  7.7
Maces & Flails | 3 7 11 14 | 14.8
Fighting       | 3 5 |  5.6
Armour         | 7 |  7.6
Staves         | |  3.6
Throwing       | |  2.0
Dodging        | |  3.2

Action                   |  1- 3 |  4- 6 |  7- 9 | 10-12 || total
-------------------------+-------+-------+-------+-------++-------
Melee: Quarterstaff      |    61 |    51 |       |       ||   112
       Headbutt          |     8 |    13 |    65 |    15 ||   101
       Dire flail        |       |    23 |   380 |   118 ||   521
 Fire: Arbalest          |       |       |     3 |    51 ||    54
Invok: Call Merchant     |       |       |     1 |       ||     1
       Potion Petition   |       |       |       |     1 ||     1
  Use: Potion            |     2 |     2 |     7 |     2 ||    13
       Scroll            |       |     4 |    12 |     3 ||    19
 Stab: Distracted        |       |       |     1 |       ||     1
Armor: Leather armour    |     5 |       |       |       ||     5
       Ring mail         |    10 |    23 |       |       ||    33
       Chain mail        |       |    26 |   179 |       ||   205
       Plate armour      |       |       |    58 |   123 ||   181
Dodge: Dodged            |    35 |    38 |   120 |    58 ||   251

Table legend: (Time is in decaauts)
 A = Elapsed time spent in this place.
 B = Non-inter-level travel time spent in this place.
 C = Inter-level travel time spent in this place.
 D = Time resting spent in this place.
 E = Time spent auto-exploring this place.
 F = Levels seen in this place.
 G = Mean time per level.
                   A        B        C        D        E       F      G
               +--------+--------+--------+--------+--------+-----+--------+
         Total |  10565 |  10304 |    261 |   2994 |   5418 |   8 | 1320.6 |
       Dungeon |  10565 |  10304 |    261 |   2994 |   5418 |   8 | 1320.6 |
               +--------+--------+--------+--------+--------+-----+--------+

Top non-repeatable levels by time:
     D:6: 2489 daAuts
     D:5: 2198 daAuts
     D:8: 1553 daAuts
     D:7: 1051 daAuts
     D:3: 1043 daAuts
     D:1: 841 daAuts
     D:4: 837 daAuts
     D:2: 549 daAuts
